 Dungeon Crawl Stone Soup version 0.21-a0-135-g8dc100c (webtiles) character file.

83 tabftw the Cudgeler (level 4, -1/37 HPs)
             Began as a Demigod Wanderer on July 17, 2017.
             Slain by a gnoll
             ... wielding a +0 spear
              (5 damage)
             ... on level 2 of the Dungeon.
             The game lasted 00:06:15 (2026 turns).

tabftw the Cudgeler (Demigod Wanderer)              Turns: 2026, Time: 00:06:16

Health: -1/37      AC: 12    Str: 14    XL:     4   Next: 2%
Magic:  6/6        EV:  9    Int: 18    God:
Gold:   48         SH:  0    Dex: 16    Spells: 3/3 levels left

rFire    . . .     SeeInvis .   b - +0 mace
rCold    . . .     Gourm    .   (no shield)
rNeg     . . .     Faith    .   a - +2 scale mail
rPois    .         Spirit   .   (no helmet)
rElec    .         Reflect  .   i - +0 cloak
rCorr    .         Harm     .   (no gloves)
MR       .....                  (no boots)
Stlth    +.........             (no amulet)
HPRegen  0.12/turn              h - +3 ring of protection
MPRegen  0.10/turn              m - ring of stealth

@: no status effects
A: high mp 1
a: no special abilities


You were on level 2 of the Dungeon.
You were not hungry.

You visited 1 branch of the dungeon, and saw 2 of its levels.

You collected 48 gold pieces.

Inventory:

Hand Weapons
 b - a +0 mace (weapon)
Missiles
 j - 102 stones (quivered)
Armour
 a - a +2 scale mail (worn)
 i - a +0 cloak (worn)
Jewellery
 h - a +3 ring of protection (left hand)
 m - a ring of stealth (right hand)
Scrolls
 l - 4 scrolls of remove curse
 p - a scroll of teleportation
Potions
 e - a potion of flight
 k - a potion of haste
 n - a potion of resistance {unknown}
Comestibles
 d - 2 bread rations
 f - a meat ration
 g - 3 fruits
 q - a royal jelly


   Skills:
 - Level 2.6 Fighting
 + Level 3.5 Maces & Flails
   Level 1.0 Bows
 - Level 1.0 Throwing
 - Level 1.7 Armour
 - Level 1.0 Dodging
 - Level 1.0 Stealth
 - Level 1.0 Unarmed Combat


You had 3 spell levels left.
You didn't know any spells.

Dungeon Overview and Level Annotations

Branches:
Dungeon (2/15)


Innate Abilities, Weirdness & Mutations

You have an increased reservoir of magic. (+10% MP)


Message History

You hit the gnoll but do no damage. The gnoll hits you but does no damage.
Unknown command.
Your scale mail prevents you from hitting the gnoll.
The gnoll misses you.
Unknown command.
You hit the gnoll.
The gnoll is moderately wounded.
The gnoll hits you with a spear.
Unknown command.
You sock the gnoll!
The gnoll is severely wounded.
The gnoll hits you with a spear.
* * * LOW HITPOINT WARNING * * *
You feel better. The gnoll hits you but does no damage.
You barely miss the gnoll.
The gnoll is severely wounded.
The gnoll hits you with a spear!
* * * LOW HITPOINT WARNING * * *
The gnoll hits you with a spear.
You die...

..#...#...#.............#
#...#...#...#...##.#....#
..#...#...#†....#.##....#
.#..#...#.......##.#....#
.###..#..##.....#.##....#
.# ###..######.......####
'######.## ###.#.###
.........# #g#.#
.........#######@#.#
.........##......#.#
.........##......#.#
.........##......#.##
.........##.>....#..#
.######.............# .#
#..####.####..# .#
#..##.....##..#
.######..#.......#..#


You could see a gnoll.

Vanquished Creatures
  2 gnolls (D:2)
  2 adders (D:2)
  An ooze (D:1)
  A worm (D:2)
  A ball python (D:2)
  4 goblins
  7 hobgoblins
  4 jackals (D:2)
  3 kobolds
  7 bats
  3 frilled lizards
  3 rats
38 creatures vanquished.

Notes
Turn   | Place    | Note
-------+----------+-------------------------------------------
     0 | D:1      | tabftw the Demigod Wanderer began the quest for the Orb.
     0 | D:1      | tabftw set off with: a +2 scale mail, a +0 mace, a potion of curing, a bread ration
     0 | D:1      | Reached XP level 1. HP: 18/18 MP: 3/3
   151 | D:1      | Reached skill level 1 in Maces & Flails
   365 | D:1      | Reached XP level 2. HP: 24/25 MP: 4/4
   495 | D:1      | Reached skill level 2 in Maces & Flails
   837 | D:2      | Reached XP level 3. HP: 14/30 MP: 5/5
  1242 | D:2      | Found a hazy altar of Hepliaklqana.
  1493 | D:2      | Reached skill level 3 in Maces & Flails
  1632 | D:2      | Found an ancient bone altar of Kikubaaqudgha.
  1659 | D:2      | Found an iron altar of Okawaru.
  2013 | D:2      | Reached XP level 4. HP: 16/37 MP: 6/6
  2026 | D:2      | Slain by a gnoll

Vault maps used:
D:1:      lightli_iron_boxes
D:2:      old_standard_altar, kiku_gazebo_pond_becter,
          okawaru_metal_pillars_1_2, hex_medium, minmay_misc_feat_tiny

Skill      XL: |  1  2  3 |
---------------+----------+-----
Maces & Flails | 1 2 3 |  3.5
Fighting       | |  2.6
Bows           | |  1.0
Throwing       | |  1.0
Armour         | |  1.7
Dodging        | |  1.0
Stealth        | |  1.0
Unarmed Combat | |  1.0

Action                   |  1- 3 |  4- 6 || total
-------------------------+-------+-------++-------
Melee: Mace              |   162 |    10 ||   172
  Use: Scroll            |     4 |       ||     4
       Potion            |       |     2 ||     2
  Eat: Chunk             |     4 |       ||     4
Armor: Scale mail        |   127 |     6 ||   133
Dodge: Dodged            |   114 |     4 ||   118
